 Dungeon Sprint DCSS version 0.28-a0-1435-g82390b3a13 (webtiles) character file.

Game seed: 4282735741099785204

5803 mhtbhm the Severer (level 10, -2/166 HPs)
             Began as a Minotaur Berserker on Jan 9, 2022.
             Was a High Priest of Trog.
             Killed by divine providence
             ... invoked by an orc priest
              (9 damage)
             ... in the Dungeon (Sprint III: "The Ten Rune Challenge").
             The game lasted 00:03:04 (2525 turns).

mhtbhm the Severer (Minotaur Berserker)             Turns: 2525, Time: 00:03:06

Health: -2/166     AC:  4    Str: 26    XL:     10   Next: 50%
Magic:  3/3        EV: 16    Int:  4    God:    Trog [*****.]
Gold:   39         SH:  0    Dex: 10    Spells: 9/9 levels left

rFire   . . .      SeeInvis .   a - +1 hand axe (antimagic)
rCold   . . .      Faith    .   (no shield)
rNeg    . . .      Spirit   .   b - +2 robe {Will+}
rPois   .          Reflect  .   (helmet restricted)
rElec   .          Harm     .   (no cloak)
rCorr   .          Rampage  .   (no gloves)
Will    +....      NoTele   +   (no boots)
Stlth   ..........              (no amulet)
HPRegen 0.37/turn               (no ring)
MPRegen 0.08/turn               (no ring)

@: berserking (expiring), very quick
A: horns 2, retaliatory headbutt
a: Renounce Religion, Berserk, Trog's Hand, Brothers in Arms


You were in the Dungeon.
You worshipped Trog.
Trog was extremely pleased with you.
You visited 1 branch You collected 39 gold pieces.

Inventory:

Hand Weapons
 a - a +1 antimagic hand axe (weapon)
Armour
 b - a +2 robe of willpower (worn)
Wands
 j - a wand of digging (4)
Scrolls
 h - a scroll of blinking
 i - a scroll of enchant armour {unknown}
 k - a scroll of immolation {unknown}
 l - a scroll of summoning {unknown}
 n - a scroll of torment {unknown}
 o - 2 scrolls of identify
Potions
 c - a potion of curing
 d - 2 potions of heal wounds
 f - 2 potions of magic
 g - a potion of berserk rage
 m - a potion of invisibility {unknown}
 p - a potion of attraction {unknown}
 q - 6 potions of mutation
Miscellaneous
 r - a box of beasts


   Skills:
 + Level 17.6 Fighting
 + Level 18.9 Axes
 + Level 8.1 Armour
 + Level 11.6 Dodging
 + Level 4.2 Stealth


You had 9 spell levels left.
You didn't know any spells.
Your spell library was empty.

Dungeon Overview and Level Annotations

Branches:
Dungeon (1/1)

Altars:
Cheibriados
Dithmenos
Elyvilon
Fedhas
Gozag
Hepliaklqana
Kikubaaqudgha
Makhleb
Nemelex Xobeh
Okawaru
Qazlal
Ru
Sif Muna
Trog
Uskayaw
Vehumet
Wu Jian
Xom
Yredelemnul
Zin
The Shining One
Beogh
Jiyva
Lugonu

Shops:
D (


Innate Abilities, Weirdness & Mutations

You have a pair of horns on your head.
You reflexively headbutt those who attack you in melee.


Message History

The orc wizard gestures wildly while chanting.
The orc wizard flickers and vanishes!
Deactivating autopickup; reactivate with Ctrl-A.
The orc warrior hits you with a +0 war axe!
Your iron troll bites the orc knight but does no damage.
Your iron troll barely misses the orc knight.
Your iron troll claws the orc knight!
The orc knight dies!
Trog accepts your kill.
Your Stealth skill increases to level 4!
The orc wizard mumbles some strange words.
The orc wizard flickers and vanishes!
The orc priest calls down the wrath of Beogh upon you.
Beogh smites you!
* * * LOW HITPOINT WARNING * * *
Items here: ( ))) [[ †.
Unknown command.
Unknown command.
You closely miss the orc warrior. You headbutt the orc warrior!
The orc warrior is severely wounded.
You closely miss the orc warrior. You hit the orc.
The orc high priest mumbles some strange prayers to Beogh against you.
Beogh smites you!
* * * LOW HITPOINT WARNING * * *
The orc closely misses you.
The ynoxinul gestures.
Your iron troll bites the orc warrior!!
The orc warrior dies!
Trog accepts your kill.
The orc warrior hits you with a +0 war axe!!
* * * LOW HITPOINT WARNING * * *
Items here: $ ))) [[ †††.
You feel a strong urge to attack something.
The orc hits your iron troll but does no damage.
Your iron troll bites the orc!!!
The orc dies!
Trog accepts your kill.
The orc priest calls down the wrath of Beogh upon you.
Beogh smites you!
You die...

▓▓▓ ▓▓ ##.################$#
##..#___#___#__##$$$####.
.#..#...#__)#._#$........
.#..###'#'###)##)o{o5...$
'#..#..........#Toobo3..#
#...'.⌠)...)...#@##∩o$$#$
#...#...######'#.# #$#5$#
....#)⌠.#__#...#'################
....#...#__#...#..≈§≈'.#.'...'.#.
....#'###__#...#.#≈≈≈#.#.#.).##.#
....#):.#__#...'.#§§§#.#.#)).#.#.
....#___#__'...#.#§§§#...#...##.#
▓▓▓▓▓▓▓▓▓▓▓▓▓▓▓▓▓▓▓▓▓▓▓▓▓▓▓▓▓#.#.
♣.....♣♣♣♣)≈≈........≈≈≈...##.#


You could see an orc high priest (strong), a ynoxinul (summoned), 2 orc
warriors, an orc priest (strong), an orc (strong), an ufetubus (summoned), a bat
and a friendly iron troll (summoned, berserk).

Vanquished Creatures
  Snorg (D)
  A centaur warrior (D)
  An orc knight (D)
  A deep elf pyromancer (D)
  2 cane toads (D)
  A rime drake (D)
  An unseen horror (D)
  A komodo dragon (D)
  2 tyrant leeches (D)
  A shadow (D)
  A redback (D)
  A spatial vortex (D)
  A swamp drake (D)
  A necrophage (D)
  2 centaurs (D)
  An earth elemental (D)
  A water elemental (D)
  A jelly (D)
  Jessica (D)
  A wizard (D)
  A necromancer (D)
  A kobold demonologist (D)
  3 humans (D)
  A wolf (D)
  2 wandering mushrooms (D)
  5 orcs (D)
  An endoplasm (D)
  2 rats (D)
39 creatures vanquished.

Vanquished Creatures (collateral kills)
  An orc knight (D)
  An orc warrior (D)
  An orc (D)
3 creatures vanquished.

Vanquished Creatures (others)
  A wandering mushroom (D)
1 creature vanquished.

Grand Total: 43 creatures vanquished

Notes
Turn   | Place    | Note
-------+----------+-------------------------------------------
     0 | D        | mhtbhm the Minotaur Berserker began the quest for the Orb.
     0 | D        | Reached XP level 1. HP: 19/19 MP: 0/0
     9 | D        | Reached skill level 4 in Axes
    98 | D        | Reached ** piety under Trog
   108 | D        | Noticed Jessica
   116 | D        | Killed Jessica
   117 | D        | Reached skill level 5 in Fighting
   117 | D        | Reached skill level 5 in Axes
   117 | D        | Reached XP level 2. HP: 29/30 MP: 1/1
   117 | D        | Reached XP level 3. HP: 36/37 MP: 2/2
   164 | D        | Reached skill level 6 in Axes
   165 | D        | Reached *** piety under Trog
   231 | D        | Noticed a water elemental
   239 | D        | Killed a water elemental
   240 | D        | Reached skill level 8 in Axes
   240 | D        | Reached XP level 4. HP: 44/47 MP: 3/3
   263 | D        | Found a radiant altar of Vehumet.
   263 | D        | Found a shimmering blue altar of Sif Muna.
   263 | D        | Found an ancient bone altar of Kikubaaqudgha.
   263 | D        | Noticed a wizard
   271 | D        | Killed a wizard
   272 | D        | Reached XP level 5. HP: 53/53 MP: 4/4
   276 | D        | Reached skill level 9 in Axes
   350 | D        | Found a basalt altar of Yredelemnul.
   350 | D        | Found a shadowy altar of Dithmenos.
   350 | D        | Found a sacrificial altar of Ru.
   350 | D        | Noticed a necrophage
   356 | D        | Reached **** piety under Trog
   357 | D        | Reached skill level 5 in Armour
   361 | D        | Killed a necrophage
   362 | D        | Reached skill level 10 in Axes
   362 | D        | Reached skill level 5 in Dodging
   362 | D        | Reached XP level 6. HP: 49/64 MP: 5/5
   435 | D        | Found a glowing silver altar of Zin.
   435 | D        | Found a glowing golden altar of the Shining One.
   435 | D        | Found a white marble altar of Elyvilon.
   436 | D        | Noticed a deep elf pyromancer
   439 | D        | Noticed a fire elemental
   449 | D        | Killed a deep elf pyromancer
   449 | D        | Reached ***** piety under Trog
   450 | D        | Reached skill level 12 in Axes
   450 | D        | Reached XP level 7. HP: 41/74 MP: 6/6
   526 | D        | Found a hide-covered altar of Uskayaw.
   526 | D        | Found an iron altar of Okawaru.
   526 | D        | Found a bloodstained altar of Trog.
   526 | D        | Found an ornate altar of the Wu Jian Council.
   526 | D        | Noticed a human
   528 | D        | Noticed a human
   532 | D        | Killed a human
   533 | D        | Reached skill level 13 in Axes
   540 | D        | Killed a human
   678 | D        | Received a gift from Trog
   679 | D        | Reached skill level 14 in Axes
   742 | D        | Noticed a shadow
   747 | D        | Killed a shadow
   748 | D        | Reached skill level 1 in Stealth
   748 | D        | Reached XP level 8. HP: 69/85 MP: 2/7
   771 | D        | Found a blossoming altar of Fedhas.
   771 | D        | Found a stormy altar of Qazlal.
   771 | D        | Found a snail-covered altar of Cheibriados.
   771 | D        | Found a burning altar of Makhleb.
   771 | D        | Found a shimmering altar of Xom.
   772 | D        | Found a hazy altar of Hepliaklqana.
   772 | D        | Found an opulent altar of Gozag.
   772 | D        | Found a sparkling altar of Nemelex Xobeh.
   772 | D        | Found a corrupted altar of Lugonu.
   772 | D        | Found a viscous altar of Jiyva.
   829 | D        | Noticed Snorg
   870 | D        | Killed Snorg
   871 | D        | Reached skill level 15 in Axes
   968 | D        | Reached skill level 16 in Axes
   968 | D        | Reached XP level 9. HP: 95/95 MP: 2/8
   976 | D        | Noticed a centaur warrior
   983 | D        | Killed a centaur warrior
   984 | D        | Reached skill level 15 in Fighting
   984 | D        | Reached skill level 17 in Axes
  1154 | D        | Killed an unseen horror
  1265 | D        | Noticed a wandering mushroom
  1269 | D        | Noticed a wandering mushroom
  1271 | D        | Noticed a wandering mushroom
  1770 | D        | Reached skill level 10 in Dodging
  1836 | D        | Noticed a cane toad
  1836 | D        | Noticed a komodo dragon
  1836 | D        | Noticed a cane toad
  1840 | D        | Killed a cane toad
  1840 | D        | Received a gift from Trog
  1842 | D        | Killed a cane toad
  1856 | D        | Killed a komodo dragon
  1857 | D        | Reached skill level 18 in Axes
  1857 | D        | Reached XP level 10. HP: 107/107 MP: 3/9
  1950 | D        | Reached ****** piety under Trog
  2509 | D        | Noticed an orc knight
  2510 | D        | Noticed an orc knight
  2510 | D        | Noticed an orc high priest
  2511 | D        | Found Nekhuis's Weapon Shop.
  2513 | D        | Received a gift from Trog
  2514 | D        | Killed an orc knight
  2521 | D        | Killed an orc knight
  2523 | D        | HP: 6/166 [orc warrior (26)]
  2525 | D        | Killed from afar by an orc priest

Illustrated notes

Levels and vault maps discovered:
D:        dungeon_sprint_mu [sprint_mu_entry_cave, sprint_mu_temple_rooms,
          sprint_mu_d1_horrors, sprint_mu_d2_genie, sprint_mu_d3_branching,
          sprint_mu_orc_legion, sprint_mu_elf_gauntlet, sprint_mu_hive_nellie,
          sprint_mu_lair_fedhas, sprint_mu_vaults_butterflies,
          sprint_mu_slime_circle, sprint_mu_swamp_cave, sprint_mu_snake_twists,
          sprint_mu_blade_basic, sprint_mu_crypt_chambers,
          sprint_mu_tomb_spiral, sprint_mu_vestibule_basic,
          sprint_mu_gehenna_hellfire, sprint_mu_dis_giant,
          sprint_mu_tartarus_statrot, sprint_mu_cocytus_islands, sprint_mu_zot1]

Skill      XL: |  1  2  3  4  5  6  7  8  9 10 |
---------------+-------------------------------+-----
Fighting       | 5 7 9 11 12 14 16 17 | 17.6
Axes           | 5 8 10 12 14 16 18 | 18.9
Armour         | 3 4 5 6 7 8 |  8.1
Dodging        | 3 4 5 6 7 8 10 11 | 11.6
Stealth        | 1 3 4 |  4.2

Action                   |  1- 3 |  4- 6 |  7- 9 | 10-12 || total
-------------------------+-------+-------+-------+-------++-------
Melee: Hand axe          |    20 |    29 |   119 |    41 ||   209
       Headbutt          |     5 |     6 |    21 |    10 ||    42
       Punch             |     1 |       |     2 |       ||     3
Invok: Berserk           |     1 |     2 |     4 |     2 ||     9
       Brothers in Arms  |       |       |       |     1 ||     1
  Use: Potion            |       |       |     1 |       ||     1
 Stab: Sleeping          |       |       |       |     1 ||     1
Armor: Chain mail        |     1 |       |       |       ||     1
       Robe              |     1 |    10 |     6 |     1 ||    18
Dodge: Dodged            |     9 |    13 |    41 |     9 ||    72

Table legend: (Time is in decaauts)
 A = Elapsed time spent in this place.
 B = Non-inter-level travel time spent in this place.
 C = Inter-level travel time spent in this place.
 D = Time resting spent in this place.
 E = Time spent auto-exploring this place.
 F = Levels seen in this place.
 G = Mean time per level.
                   A        B        C        D        E       F      G
               +--------+--------+--------+--------+--------+-----+--------+
         Total |   2517 |   2517 |      0 |   1899 |     18 |   1 | 2517.0 |
       Dungeon |   2517 |   2517 |      0 |   1899 |     18 |   1 | 2517.0 |
               +--------+--------+--------+--------+--------+-----+--------+

Top non-repeatable levels by time:
       D: 2517 daAuts
